 Dungeon Crawl Stone Soup version 0.29.0-4-gdea44cf6ec (webtiles) character file.

Game seed: 18437218908468926535

1 qw the Sneak (level 1, -6/14 HPs)
             Began as a Gargoyle Delver on Sept 10, 2022.
             Mangled by an iguana (7 damage)
             ... on level 4 of the Dungeon.
             The game lasted 00:00:04 (315 turns).

qw the Sneak (Gargoyle Delver)                       Turns: 315, Time: 00:00:05

Health: -6/14      AC:  5    Str: 15    XL:     1   Next: 20%
Magic:  1/1        EV: 11    Int: 10    God:
Gold:   0          SH:  0    Dex: 11    Spells: 0/0 levels left

rFire   . . .      SeeInvis .   Y - +1 hand axe
rCold   . . .      Faith    .   (no shield)
rNeg    + . .      Spirit   .   b - +0 leather armour
rPois   inf        Reflect  .   (no helmet)
rElec   +          Harm     .   (no cloak)
rCorr   .          Rampage  .   (no gloves)
Will    .....                   (no boots)
Stlth   +++.......              (no amulet)
HPRegen 0.04/turn               (no ring)
MPRegen 0.07/turn               (no ring)

@: no status effects
A: sickness immunity, AC +2, negative energy resistance 1, electricity
resistance, torment resistance 1, petrification resistance
a: no special abilities


You were on level 4 of the Dungeon.
You visited 1 branch of the dungeon, and saw 2 of its levels.


Innate Abilities, Weirdness & Mutations

You are immune to sickness and miasma.
Your stone body is resilient. (AC +2)
You are immune to poison.
You resist negative energy. (rN+)
You are resistant to electric shocks. (rElec)
You are resistant to unholy torment.
You are immune to petrification.


   Skills:
 - Level 3.2 Fighting
 + Level 1.9 Axes
 - Level 1.5 Dodging
 - Level 5.4 Stealth


You couldn't memorise any spells.
You didn't know any spells.
Your spell library was empty.

Inventory:

Hand Weapons
 Y - a +1 hand axe (weapon)
Armour
 b - a +0 leather armour (worn)
Wands
 g - a wand of digging (3)
Potions
 f - a potion of haste

Dungeon Overview and Level Annotations

Branches:
Dungeon (5/15)
 Temple: D:4-7

Altars:
Nemelex Xobeh


Message History

An endoplasm is nearby!
Existing waypoints: (2) D:5 Assign waypoint to what number? (0-9, D - delete waypoint) Waypoint 1 assigned to D:4.
Enter note:
There is a shaft here.
The helpless endoplasm fails to defend itself.
You hit the endoplasm.
The endoplasm is lightly wounded.
The endoplasm freezes you.
You are frozen.
You hit the endoplasm.
The endoplasm is heavily wounded.
The endoplasm freezes you.
You are frozen.
You hit the endoplasm.
You kill the endoplasm!
You start resting.
HP restored.
You see here a +3 short sword of freezing.
You open the door.
Found a sparkling altar of Nemelex Xobeh.
There is an open door here.
There is a sparkling altar of Nemelex Xobeh here.
You open the door.
There is an open door here.
An iguana comes into view.
Enter note: The iguana hisses angrily.
You hit the iguana.
The iguana is moderately wounded.
The iguana bites you!
Ouch! That really hurt!
The iguana bites you.
You slash the iguana!
The iguana is severely wounded.
The iguana bites you!
Ouch! That really hurt!
You die...

#......# #......#
#......# .## #......#
...# #......# ###..##
#......#
##.##...###.l....###
##^^.##......@..$....
##^._..##..#..........
##^......##............
##.^.......##.######....
#...#####...#....# ...
##^'#.#.#'.##.##.# ..
.###..#..###..##... .
.....###............#
..........#########.#


You could see an iguana.

Vanquished Creatures
  An endoplasm (D:4)
1 creature vanquished.

Notes
Turn   | Place    | Note
-------+----------+-------------------------------------------
     0 | D:5      | qw the Gargoyle Delver began the quest for the Orb.
     0 | D:5      | Reached XP level 1. HP: 14/14 MP: 1/1
     0 | D:5      | 0 ||| qw: Version: 0.1-a-116-g5d60599
     0 | D:5      | 0 ||| qw: Game counter: 9298
     0 | D:5      | 0 ||| qw: Always use a shield: true
     0 | D:5      | 0 ||| qw: God list: Okawaru
     0 | D:5      | 0 ||| qw: Allow faded altars: false
     0 | D:5      | 0 ||| qw: Do Orc after D:15 true
     0 | D:5      | 0 ||| qw: Do second Lair branch before Depths: true
     0 | D:5      | 0 ||| qw: Lair rune preference: random
     0 | D:5      | 0 ||| qw: Plans: Normal
     0 | D:5      | 0 ||| PLANNING D:1-11
    79 | D:5      | 79 ||| READING scroll labelled TAOCKU EWYLIO.
    80 | D:5      | 80 ||| READING scroll labelled YSHIBU ETZOC.
    81 | D:5      | 81 ||| READING scroll labelled YGUMUI GAEJIPS.
    82 | D:5      | 82 ||| DROPPING scroll of fog.
    83 | D:5      | 83 ||| DROPPING scroll of magic mapping.
    84 | D:5      | 84 ||| DROPPING scroll of fear.
   286 | D:4      | Found a sparkling altar of Nemelex Xobeh.
   307 | D:4      | Noticed an iguana
   314 | D:4      | HP: 3/14 [iguana (11)]
   314 | D:4      | HP: 1/14 [iguana (2)]
   315 | D:4      | Mangled by an iguana

Levels and vault maps discovered:
D:4:      layout_rooms, grunt_temple_overflow_growth_and_decay,
          nemelex_spade_bored_becter, serial_shops, nicolae_take_the_stairs
D:5:      minmay_diamond_boxcup, layout_basic, okawaru_metal_pillars_1_2,
          serial_shops, shop

Action                   || total
-------------------------++-------
Melee: Hand axe          ||     5
  Use: Scroll            ||     3
 Stab: Sleeping          ||     1

Table legend:
 A = Non-vault XP
 B = Vault XP
 C = Vault XP percentage of total XP
 D = Non-vault monster count
 E = Vault monster count
 F = Vault count percentage of total count
                 A         B        C        D         E       F
            +---------+---------+-------+---------+---------+-------
      Total |       2 |       0 |   0.0 |       1 |       0 |   0.0
            +---------+---------+-------+---------+---------+-------
        D:4 |       2 |       0 |   0.0 |       1 |       0 |   0.0
            +---------+---------+-------+---------+---------+-------
